 Dungeon Crawl Stone Soup version 0.22-a0-223-g0f5d773 (webtiles) character file.

181 jirachi the Chopper (level 5, -3/46 HPs)
             Began as a Hill Orc Fighter on Feb 19, 2018.
             Slain by Gorglomux's ghost (5 damage)
             ... on level 5 of the Dungeon.
             The game lasted 00:09:56 (1013 turns).

jirachi the Chopper (Hill Orc Fighter)              Turns: 1013, Time: 00:09:58

Health: -3/46      AC:  7    Str: 20    XL:     5   Next: 61%
Magic:  5/5        EV:  7    Int:  8    God:
Gold:   14         SH:  9    Dex: 10    Spells: 4/4 levels left

rFire    . . .     SeeInvis .   r - -1 trident
rCold    . . .     Gourm    .   c - +0 shield
rNeg     . . .     Faith    .   b - +0 scale mail
rPois    .         Spirit   .   (no helmet)
rElec    .         Reflect  .   (no cloak)
rCorr    .         Harm     .   (no gloves)
MR       .....                  (no boots)
Stlth    ..........             (no amulet)
HPRegen  0.15/turn              (no ring)
MPRegen  0.09/turn              (no ring)

@: no status effects
A: no striking features
a: no special abilities


You were on level 5 of the Dungeon.
You were hungry.

You visited 1 branch of the dungeon, and saw 5 of its levels.

You collected 14 gold pieces.

Inventory:

Hand Weapons
 a - a +1 war axe
 e - a +0 whip
 i - a +0 club
 j - a +0 club
 l - a +0 short sword
 o - a +0 club
 r - a -1 trident (weapon)
 s - a +0 club
 u - a +0 dagger
 w - a +2 dagger of speed
Missiles
 g - 25 stones (quivered)
 m - 2 large rocks
Armour
 b - a +0 scale mail (worn)
 c - a +0 shield (worn)
 h - a +0 ring mail
 t - a +0 leather armour
 v - a +0 robe
Comestibles
 f - 4 rations
 p - a chunk of flesh


   Skills:
 + Level 4.3 Fighting
 + Level 4.5(4.6) Axes
 + Level 1.0(2.5) Polearms
 + Level 4.4 Armour
 + Level 0.3 Dodging
 + Level 4.3 Shields


You had 4 spell levels left.
You didn't know any spells.

Dungeon Overview and Level Annotations

Branches:
Dungeon (5/15)
 Temple: D:4-7

Altars:

Annotations:
D:5 Gorglomux's ghost, novice SpWr


Message History

Gorglomux's ghost is moderately damaged.
You block Gorglomux's ghost's attack.
You miss Gorglomux's ghost.
Gorglomux's ghost is moderately damaged.
Gorglomux's ghost hits you but does no damage.
You miss Gorglomux's ghost.
Gorglomux's ghost is moderately damaged.
Gorglomux's ghost hits you but does no damage.
Gorglomux's ghost hits you.
* * * LOW HITPOINT WARNING * * *
You barely miss Gorglomux's ghost.
Gorglomux's ghost is moderately damaged.
You block Gorglomux's ghost's attack.
You closely miss Gorglomux's ghost.
Gorglomux's ghost is moderately damaged.
You block Gorglomux's ghost's attack.
You hit Gorglomux's ghost.
Gorglomux's ghost's shroud falls apart!
Gorglomux's ghost is heavily damaged.
You block Gorglomux's ghost's attack. Gorglomux's ghost hits you.
You die...

......
..?....W
.......##
#### ........
#..####..#..#
##@W(##.....#
###†##....#
#)((....#
##...##.#
#...#..# ..
.# ##....#
... ..
#...###...
#.## #...#...
..# #...#.#


You could see Gorglomux's ghost.

Vanquished Creatures
  A centaur (D:5)
  An orc wizard (D:4)
  A worker ant (D:4)
  2 adders
  A dart slug (D:1)
  2 orcs (D:4)
  A giant cockroach (D:2)
  2 goblins (D:1)
  3 hobgoblins (D:1)
  6 jackals
  2 kobolds (D:1)
  A quokka (D:4)
  4 frilled lizards (D:1)
  A rat (D:2)
28 creatures vanquished.

Notes
Turn   | Place    | Note
-------+----------+-------------------------------------------
     0 | D:1      | jirachi the Hill Orc Fighter began the quest for the Orb.
     0 | D:1      | Reached XP level 1. HP: 19/19 MP: 1/1
    58 | D:1      | Reached XP level 2. HP: 25/27 MP: 2/2
   350 | D:2      | Reached XP level 3. HP: 11/33 MP: 3/3
   841 | D:4      | Reached XP level 4. HP: 37/40 MP: 4/4
   910 | D:5      | Entered Level 5 of the Dungeon
   929 | D:5      | Noticed a centaur
   931 | D:5      | Noticed Gorglomux's ghost (novice SpWr)
   960 | D:5      | Killed a centaur
   960 | D:5      | Reached skill level 1 in Polearms
   960 | D:5      | Reached XP level 5. HP: 16/46 MP: 5/5
  1010 | D:5      | HP: 1/46 [Gorglomux's ghost (4)]
  1013 | D:5      | Slain by Gorglomux's ghost

Vault maps used:
D:1:      dpeg_arrival_renting, minmay_misc_feat_square, minmay_small_reverse_x
D:2:      first_ration
D:3:      st_stairs_5, uniq_natasha
D:4:      cheibrodos_barr_body, nicolae_overflow_hidden_temple
D:5:      lemuel_ice_spiral_2, nicolae_qazlal_style_of_elements

Skill      XL: |  1  2  3  4 |
---------------+-------------+-----
Fighting       | 4 |  4.3
Axes           | 3 4 |  4.5
Armour         | 4 |  4.4
Shields        | 4 |  4.3
Polearms       | 1 |  1.0
Dodging        | |  0.3

Action                   |  1- 3 |  4- 6 || total
-------------------------+-------+-------++-------
Melee: War axe           |    70 |       ||    70
       Trident           |     4 |    65 ||    69
  Use: Potion            |     1 |     5 ||     6
       Scroll            |     1 |     2 ||     3
Armor: Scale mail        |    27 |    22 ||    49
Dodge: Dodged            |    18 |    17 ||    35
Block: Shield            |    38 |    33 ||    71

Table legend:
 A = Spawn XP
 B = Non-spawn XP
 C = Spawn XP percentage of total XP
 D = Spawn monster count
 E = Non-spawn monster count
 F = Spawn count percentage of total count
 G = Total turns spent on level
                    A         B        C        D         E        F      G
               +---------+---------+-------+---------+---------+-------+---------
         Total |       0 |     259 |   0.0 |       0 |      28 |   0.0 |  1013
               +---------+---------+-------+---------+---------+-------+---------
           D:1 |       0 |      25 |   0.0 |       0 |      14 |   0.0 |   278
           D:2 |       0 |      16 |   0.0 |       0 |       3 |   0.0 |   480
           D:4 |       0 |      85 |   0.0 |       0 |       9 |   0.0 |   140
           D:5 |       0 |     133 |   0.0 |       0 |       2 |   0.0 |   103
               +---------+---------+-------+---------+---------+-------+---------
